 Dungeon Crawl Stone Soup version 0.29.0-4-gdea44cf6ec (webtiles) character file.

Game seed: 7396642415434124579

7 qw the Sneak (level 2, -1/19 HPs)
             Began as a Gargoyle Delver on Sept 10, 2022.
             Hit by a boomerang thrown by a kobold (4 damage)
             ... on level 3 of the Dungeon.
             The game lasted 00:00:05 (341 turns).

qw the Sneak (Gargoyle Delver)                       Turns: 341, Time: 00:00:06

Health: -1/19      AC:  5    Str: 15    XL:     2   Next: 4%
Magic:  2/2        EV: 11    Int: 10    God:
Gold:   0          SH:  0    Dex: 11    Spells: 1/1 levels left

rFire   . . .      SeeInvis .   a - +0 hand axe
rCold   . . .      Faith    .   (no shield)
rNeg    + . .      Spirit   .   b - +0 leather armour
rPois   inf        Reflect  .   (no helmet)
rElec   +          Harm     .   (no cloak)
rCorr   .          Rampage  .   (no gloves)
Will    .....                   (no boots)
Stlth   +++.......              (no amulet)
HPRegen 0.06/turn               (no ring)
MPRegen 0.08/turn               (no ring)

@: no status effects
A: sickness immunity, AC +2, negative energy resistance 1, electricity
resistance, torment resistance 1, petrification resistance
a: no special abilities


You were on level 3 of the Dungeon.
You visited 1 branch of the dungeon, and saw 3 of its levels.


Innate Abilities, Weirdness & Mutations

You are immune to sickness and miasma.
Your stone body is resilient. (AC +2)
You are immune to poison.
You resist negative energy. (rN+)
You are resistant to electric shocks. (rElec)
You are resistant to unholy torment.
You are immune to petrification.


   Skills:
 - Level 3.2 Fighting
 + Level 2.4 Axes
 - Level 1.5 Dodging
 - Level 5.4 Stealth


You had one spell level left.
You didn't know any spells.
Your spell library was empty.

Inventory:

Hand Weapons
 a - a +0 hand axe (weapon)
Armour
 b - a +0 leather armour (worn)
Wands
 g - a wand of digging (3)
Potions
 f - a potion of haste

Dungeon Overview and Level Annotations

Branches:
Dungeon (5/15)
 Temple: D:4-7

Altars:

Annotations:
D:3 Terence


Message History

Enter note:
(D) Dungeon
Where to? (* - list waypoints, Enter - D:4, ? - help)
What level of the Dungeon? (default 1, ? - help) Terence the Incautious comes into view.
He is wielding a +0 trident.
231 ||| Stepping ~*~*~tactically~*~*~ (hiding).
You start waiting.
Done waiting.
(D) Dungeon
Where to? (* - list waypoints, Enter - D:2, ? - help)
What level of the Dungeon? (default 1, ? - help)
There is a stone staircase leading up here.
A kobold comes into view. It is wielding a +0 dagger.
The kobold shouts!
Terence shouts!
Terence hits you with a +0 trident.
You hit Terence but do no damage. Terence closely misses you.
You hit Terence.
Terence is lightly wounded.
Terence hits you but does no damage.
You hit Terence but do no damage. Your punch misses Terence.
Terence is lightly wounded.
Terence barely misses you.
The kobold throws a stone.
The stone hits you but does no damage. Terence hits you with a +0 trident.
You hit Terence.
Terence is lightly wounded.
The kobold throws a stone.
The stone hits you.
A kobold comes into view. It is wielding a +0 club.
Terence hits you with a +0 trident.
The kobold shouts!
You hit Terence but do no damage.
Terence is lightly wounded.
The kobold throws a stone.
The stone hits you but does no damage.
The kobold drinks a potion.
The kobold seems to speed up.
Terence hits you with a +0 trident!
You hit Terence.
Terence is lightly wounded.
The kobold throws a boomerang.
The boomerang hits you.
You die...

.# .# .# .# #. ### .#
.# #.# #.####.# .#
#.# #......##### .#
#.# #..$........ .#
#.# #.....K..## .#
#.####.#...@...#
.######......#<.@.#
..................#
.##...............#
.##.##.........##.#
................#.#
###.#..............
....................
.......########.#..K.
.##.#... .##.#


You could see Terence and 2 kobolds.

Vanquished Creatures
  4 jackals (D:4)
  A ball python (D:4)
  A bat (D:3)
  A kobold (D:4)
7 creatures vanquished.

Notes
Turn   | Place    | Note
-------+----------+-------------------------------------------
     0 | D:5      | qw the Gargoyle Delver began the quest for the Orb.
     0 | D:5      | Reached XP level 1. HP: 14/14 MP: 1/1
     0 | D:5      | 0 ||| qw: Version: 0.1-a-116-g5d60599
     0 | D:5      | 0 ||| qw: Game counter: 8305
     0 | D:5      | 0 ||| qw: Always use a shield: true
     0 | D:5      | 0 ||| qw: God list: Okawaru
     0 | D:5      | 0 ||| qw: Allow faded altars: false
     0 | D:5      | 0 ||| qw: Do Orc after D:15 true
     0 | D:5      | 0 ||| qw: Do second Lair branch before Depths: true
     0 | D:5      | 0 ||| qw: Lair rune preference: random
     0 | D:5      | 0 ||| qw: Plans: Normal
     0 | D:5      | 0 ||| PLANNING D:1-11
     0 | D:5      | 0 ||| DROPPING scroll of fog.
     1 | D:5      | 1 ||| DROPPING scroll of magic mapping.
     2 | D:5      | 2 ||| DROPPING scroll of fear.
     7 | D:4      | 7 ||| Stepping ~*~*~tactically~*~*~ (stealth).
     8 | D:4      | 8 ||| Stepping ~*~*~tactically~*~*~ (stealth).
     9 | D:4      | 9 ||| Stepping ~*~*~tactically~*~*~ (stealth).
    10 | D:4      | 10 ||| Stepping ~*~*~tactically~*~*~ (stealth).
    27 | D:4      | Reached XP level 2. HP: 11/19 MP: 2/2
    46 | D:4      | 46 ||| FLEEEEING.
    47 | D:4      | 47 ||| FLEEEEING.
    48 | D:4      | 48 ||| STAIRDANCE
   230 | D:3      | Noticed Terence
   231 | D:3      | 231 ||| Stepping ~*~*~tactically~*~*~ (hiding).
   340 | D:3      | HP: 2/19 [Terence/+0 trident (8)]
   341 | D:3      | Hit by a boomerang thrown by a kobold

Levels and vault maps discovered:
D:3:      layout_basic, mainiacjoe_overflow_swirl, uniq_sigmund, uniq_terence
D:4:      layout_rooms, led_sif_pool
D:5:      layout_cave_pools, nicolae_wu_jian_wuxing_cycle, uniq_menkaure

Skill      XL: |  1 |
---------------+----+-----
Axes           | 2 |  2.4
Fighting       | |  3.2
Dodging        | |  1.5
Stealth        | |  5.4

Action                   || total
-------------------------++-------
Melee: Hand axe          ||    19
Armor: Leather armour    ||    11
Dodge: Dodged            ||    18

Table legend:
 A = Non-vault XP
 B = Vault XP
 C = Vault XP percentage of total XP
 D = Non-vault monster count
 E = Vault monster count
 F = Vault count percentage of total count
                 A         B        C        D         E       F
            +---------+---------+-------+---------+---------+-------
      Total |      11 |       0 |   0.0 |       7 |       0 |   0.0
            +---------+---------+-------+---------+---------+-------
        D:3 |       1 |       0 |   0.0 |       1 |       0 |   0.0
        D:4 |      10 |       0 |   0.0 |       6 |       0 |   0.0
            +---------+---------+-------+---------+---------+-------
